 Dungeon Crawl Stone Soup version 0.28-a0-32-g8dfe7f97f6 (webtiles) character file.

Game seed: 2542834261657228399

56 Sweetruy1997 the Firebug (level 3, -5/32 HPs)
             Began as an Ogre Fire Elementalist on July 27, 2021.
             Killed from afar by Sigmund (8 damage)
             ... with a puff of flame
             ... on level 2 of the Dungeon.
             The game lasted 00:06:49 (1956 turns).

Sweetruy1997 the Firebug (Ogre Fire Elementalist)   Turns: 1956, Time: 00:06:50

Health: -5/32      AC:  4    Str: 12    XL:     3   Next: 97%
Magic:  1/7        EV: 10    Int: 16    God:
Gold:   172        SH:  0    Dex: 10    Spells: 0/7 levels left

rFire   . . .      SeeInvis .   c - +0 short sword (drain)
rCold   . . .      Faith    .   (no shield)
rNeg    + . .      Spirit   .   a - +0 robe
rPois   .          Reflect  .   e - +0 hat
rElec   .          Harm     .   k - +0 cloak
rCorr   .          Rampage  .   (gloves unavailable)
Will    .....                   (boots unavailable)
Stlth   ++........              (no amulet)
HPRegen 0.10/turn               j - ring of positive energy
MPRegen 0.10/turn               (no ring)

@: no status effects
A: large, unfitting armour, tough skin 1
a: no special abilities


You were on level 2 of the Dungeon.
You visited 1 branch of the dungeon, and saw 2 of its levels.

You collected 172 gold pieces.

Inventory:

Hand Weapons
 c - a +0 short sword of draining (weapon)
Missiles
 d - 2 throwing nets
Armour
 a - a +0 robe (worn)
 e - a +0 hat (worn)
 k - a +0 cloak (worn)
Jewellery
 j - a ring of positive energy (left hand)
Scrolls
 b - a scroll of summoning
Potions
 f - a potion of might {unknown}
 h - a potion of brilliance {unknown}
 i - a potion of curing {unknown}
 m - a potion of invisibility {unknown}


   Skills:
 + Level 0.5 Fighting
 + Level 0.5 Short Blades
 + Level 2.0 Dodging
 + Level 1.7 Stealth
 + Level 2.6 Spellcasting
 + Level 1.0 Conjurations
 + Level 3.6 Fire Magic


You couldn't memorise any spells.
You knew the following spells:

 Your Spells              Type           Power      Damage    Failure   Level
a - Foxfire               Conj/Fire      36%        2x1d5     8%          1
b - Conjure Flame         Conj/Fire      9%         6-21      22%         3
c - Inner Flame           Hex/Fire       7%         N/A       28%         3

Your spell library contained the following spells:

 Spells                   Type           Power      Damage    Failure   Level
 Gell's Gravitas          Tloc           1%         N/A       50%         3
 Teleport Other           Tloc           2%         N/A       50%         3
 Sticky Flame             Conj/Fire      9%         2d3       58%         4
 Fireball                 Conj/Fire      4%         3d4       90%         5
 Dispersal                Tloc           1%         N/A       100%        6


Dungeon Overview and Level Annotations

Branches:
Dungeon (2/15)

Altars:

Shops:
D:2 [(=:=

Annotations:
D:2 Sigmund


Innate Abilities, Weirdness & Mutations

You are too large for most types of armour.
You have tough skin. (AC +1)


Message History

Sigmund is lightly wounded.
The foxfire hits Sigmund.
Sigmund is lightly wounded.
Sigmund hits you but does no damage. Sigmund closely misses you.
Casting: Foxfire (safe; 8% risk of failure)
Confirm with . or Enter, or press ? or * to list all spells.
The spell is quite dangerous to cast (22% risk of failure)!
Continue anyway?
The fire begins to smoulder!
Sigmund misses you.
Sigmund giggles. "Time to reap what you sow."
Sigmund gestures at you while chanting. The puff of flame hits you!
The fire ignites!
You open the door. Sigmund casts a spell at you.
You are confused.
There is an open door here.
You bump into the rock wall.
Things that are here:
a +0 club; a kobold corpse You bump into the rock wall.
You feel less confused.
You conjure some foxfire!
Sigmund breathes a few words.
Sigmund's hands start flickering wildly.
Sigmund gestures wildly while chanting.
Sigmund flickers and vanishes!
Deactivating autopickup; reactivate with Ctrl-A.
There is a strange disturbance nearby!
The foxfire hits something. x2; Something hits you.
You conjure some foxfire!
Something hits you.
The foxfire hits something. x2; Something hits you.
You conjure some foxfire!
Something hits you.
The foxfire hits something but does no damage. x2
Something hits you!
* * * LOW HITPOINT WARNING * * *
A ball python comes into view.
The ball python hisses angrily.
A puff of flame appears from out of thin air!
The puff of flame hits you!
You die...

.........#...........#
#.#
...#.....#.∩.........#
#######.#
.......<.+...........#
........#
.........##.########.#
#######.# .........##.#
#.# #.#
.........##.########.#
#.#
.........##.#........#.#
#.#
###########.##.........#
#.# #...........@......#
#.# #.......##......S..#
#.# #.......#...####+#.#
#.# ........#){.# #.#
........#...# #.#
........'...+ ######.#
.########...# # #.....>#
#...# .#.##.###..##
########## ......#......


You could see a ball python.

Vanquished Creatures
  A gnoll (D:1)
  An adder (D:2)
  2 dart slugs
  2 ball pythons
  2 endoplasms (D:2)
  3 giant cockroaches
  A goblin (D:2)
  3 hobgoblins (D:2)
  8 jackals
  2 frilled lizards (D:2)
  4 kobolds
  A rat (D:1)
30 creatures vanquished.

Vanquished Creatures (others)
  88 foxfires
88 creatures vanquished.

Grand Total: 118 creatures vanquished

Notes
Turn   | Place    | Note
-------+----------+-------------------------------------------
     0 | D:1      | Sweetruy1997 the Ogre Fire Elementalist began the quest for
                  | the Orb.
     0 | D:1      | Reached XP level 1. HP: 16/16 MP: 3/3
   334 | D:1      | Reached XP level 2. HP: 20/24 MP: 0/5
   417 | D:1      | Reached skill level 3 in Fire Magic
   627 | D:1      | Reached skill level 1 in Conjurations
   818 | D:1      | Reached XP level 3. HP: 28/31 MP: 4/6
   992 | D:2      | Found Dora's Book Boutique.
   997 | D:2      | Learned a level 3 spell: Conjure Flame
  1001 | D:2      | Learned a level 3 spell: Inner Flame
  1169 | D:2      | Found Roticaet's Weapon Shoppe.
  1204 | D:2      | Found a faded altar of an unknown god.
  1534 | D:2      | Found Olegit's Armour Boutique.
  1548 | D:2      | Found Aschyeb's Jewellery Shoppe.
  1878 | D:2      | Found Emil's Jewellery Shop.
  1919 | D:2      | Noticed Sigmund
  1956 | D:2      | Killed from afar by Sigmund

Illustrated notes

Levels and vault maps discovered:
D:1:      evilmike_arrival_crescent, layout_rooms, minivault_24
D:2:      layout_basic, dreamdust_ecumenical_altar_grove, serial_shops,
          shop_coins, nicolae_lakefront_shop, shop, nicolae_shop_stone,
          shop_statue, minmay_small_reverse_x, uniq_sigmund

Skill      XL: |  1  2  3 |
---------------+----------+-----
Fire Magic     | 3 |  3.6
Conjurations   | 1 |  1.0
Dodging        | 2 |  2.0
Fighting       | |  0.5
Short Blades   | |  0.5
Stealth        | |  1.7
Spellcasting   | |  2.6

Action                   || total
-------------------------++-------
Melee: Short sword       ||    34
 Cast: Foxfire           ||    55
       Conjure Flame     ||     1
  Use: Scroll            ||     2
Armor: Robe              ||    16
Dodge: Dodged            ||    34

Table legend: (Time is in decaauts)
 A = Elapsed time spent in this place.
 B = Non-inter-level travel time spent in this place.
 C = Inter-level travel time spent in this place.
 D = Time resting spent in this place.
 E = Time spent auto-exploring this place.
 F = Levels seen in this place.
 G = Mean time per level.
                   A        B        C        D        E       F      G
               +--------+--------+--------+--------+--------+-----+--------+
         Total |   1958 |   1934 |     24 |    579 |   1080 |   2 |  979.0 |
       Dungeon |   1958 |   1934 |     24 |    579 |   1080 |   2 |  979.0 |
               +--------+--------+--------+--------+--------+-----+--------+

Top non-repeatable levels by time:
     D:1: 994 daAuts
     D:2: 964 daAuts
